 Dungeon Crawl Stone Soup version 0.21.1-1-g345015f (webtiles) character file.

1811 wotfoxis the Cleaver (level 9, -12/71 HPs)
             Began as a Hill Orc Fighter on Feb 19, 2018.
             Was an Initiate of Beogh.
             Killed from afar by a blizzard demon (20 damage)
             ... with a bolt of lightning
             ... created by the fury of Makhleb
             ... on level 7 of the Dungeon.
             The game lasted 00:18:35 (4978 turns).

wotfoxis the Cleaver (Hill Orc Fighter)             Turns: 4978, Time: 00:18:36

Health: -12/71     AC:  8    Str: 20    XL:     9   Next: 10%
Magic:  10/10      EV:  8    Int:  8    God:    Beogh [......]
Gold:   278        SH: 12    Dex: 12    Spells: 8/8 levels left

rFire    + . .     SeeInvis +   l - +2 hand axe (elec)
rCold    . . .     Gourm    .   c - +1 shield
rNeg     . . .     Faith    .   b - +0 scale mail
rPois    .         Spirit   .   x - +0 helmet
rElec    .         Reflect  .   (no cloak)
rCorr    .         Harm     .   (no gloves)
MR       .....                  (no boots)
Stlth    ..........             (no amulet)
HPRegen  0.21/turn              u - ring of see invisible
MPRegen  0.12/turn              i - ring of protection from fire

@: no status effects
A: no striking features
a: Renounce Religion


You were on level 7 of the Dungeon.
You worshipped Beogh.
Beogh was noncommittal.
You were full.

You visited 2 branches of the dungeon, and saw 8 of its levels.

You collected 278 gold pieces.

Inventory:

Hand Weapons
 l - a +2 hand axe of electrocution (weapon)
Armour
 b - a +0 scale mail (worn)
 c - a +1 shield (worn)
 x - a +0 helmet (worn)
Jewellery
 i - a ring of protection from fire (right hand)
 u - a ring of see invisible (left hand)
Wands
 o - a wand of iceblast (5)
 t - a wand of flame (29)
 y - a wand of polymorph (10)
Scrolls
 h - 3 scrolls of immolation
 j - 3 scrolls of amnesia
 n - 5 scrolls of remove curse
 q - a scroll of teleportation
 r - a scroll of identify
 s - a scroll of blinking {unknown}
 w - a scroll of enchant armour
Potions
 a - a potion of haste {unknown}
 d - a potion of might
 e - 2 potions of curing {unknown}
 g - 2 potions of magic {unknown}
 k - 4 potions of invisibility
 m - a potion of cancellation {unknown}
 p - a potion of flight {unknown}
 v - 2 potions of agility {unknown}
 A - a potion of heal wounds {unknown}
Comestibles
 f - 10 rations
 z - 4 chunks of flesh


   Skills:
 - Level 4.2 Fighting
 + Level 11.2 Axes
 - Level 3.7 Armour
 - Level 0.1 Dodging
 + Level 8.5 Shields
 + Level 1.4 Invocations


You had 8 spell levels left.
You didn't know any spells.

Dungeon Overview and Level Annotations

Branches:
Dungeon (7/15)             Temple (1/1) D:4

Altars:
Ashenzari
Cheibriados
Elyvilon
Gozag
Kikubaaqudgha
Makhleb
Nemelex Xobeh
Okawaru
Ru
Sif Muna
Trog
Uskayaw
Xom
Yredelemnul
Zin

Shops:
D:4 *   D:5 %

Annotations:
D:3 xccam's ghost, amateur GnWn


Message History

The blizzard demon gestures at you. The bolt of cold hits you!
Ouch! That really hurt!
* * * LOW HITPOINT WARNING * * *
The neqoxec gestures.
You hit the neqoxec.
The neqoxec is lightly wounded.
Your scale mail prevents you from hitting the blizzard demon.
The blizzard demon barely misses you. x2
The neqoxec hits you but does no damage.
You closely miss the neqoxec.
The neqoxec is lightly wounded.
You hit the ufetubus.
You hit the blizzard demon but do no damage.
The ufetubus closely misses you. The ufetubus barely misses you.
The neqoxec hits you!
* * * LOW HITPOINT WARNING * * *
The blizzard demon gestures at you. The bolt of lightning hits you!
You die...

..#########.#.........
......................
..##...###.#...[.....
###............#..
#..............#
#.............#.
##.............#.
###5............##.
###.@35..#..##...###.
#..2######...##### #.
#.########.#.# #.
#.....##...#.######..
#.P÷..##.###.........
##.._......#..........
#....P.....#..........
#..........#..........
#.####..##.........[..


You could see a blizzard demon, a neqoxec and 2 ufetubi.

Vanquished Creatures
  An orange demon (D:6)
  A smoke demon (D:7)
  Prince Ribbit (D:7)
  A ynoxinul (D:6)
  An ice beast (D:5)
  2 black bears (D:7)
  An ogre (D:5)
  3 bullfrogs (D:6)
  A wyvern zombie (D:6)
  3 scorpions
  5 wights (D:6)
  A crimson imp (D:7)
  A centaur zombie (D:6)
  2 jellies
  3 hounds
  2 bullfrog skeletons
  2 orc wizards
  An iguana (D:7)
  4 worker ants
  A hound skeleton (D:5)
  A worker ant zombie (D:6)
  8 adders
  2 shadow imps
  3 oozes
  6 worms
  A dart slug (D:3)
  3 leopard geckos
  15 orcs
  2 ball pythons
  4 giant cockroaches
  3 goblins
  5 hobgoblins
  22 jackals
  3 quokkas
  8 bats
  8 frilled lizards
  A jackal skeleton (D:6)
  5 kobolds
  13 rats
150 creatures vanquished.

Vanquished Creatures (others)
  An orc priest (D:6)
  A worker ant (D:6)
2 creatures vanquished.

Grand Total: 152 creatures vanquished

Notes
Turn   | Place    | Note
-------+----------+-------------------------------------------
     0 | D:1      | wotfoxis the Hill Orc Fighter began the quest for the Orb.
     0 | D:1      | Reached XP level 1. HP: 19/19 MP: 1/1
    46 | D:1      | Reached XP level 2. HP: 24/27 MP: 2/2
   113 | D:1      | Reached XP level 3. HP: 19/33 MP: 3/3
   116 | D:1      | Reached skill level 3 in Axes
   880 | D:3      | Reached XP level 4. HP: 40/40 MP: 4/4
   881 | D:3      | Reached skill level 4 in Axes
  1080 | D:2      | Found a shimmering altar of Xom.
  1082 | D:2      | Found a burning altar of Makhleb.
  1089 | D:2      | Became a worshipper of Makhleb the Destroyer
  1239 | D:3      | Found an ancient bone altar of Kikubaaqudgha.
  1408 | D:3      | Found an iron altar of Okawaru.
  1430 | D:3      | Found a transporter.
  1431 | D:3      | Found a transporter.
  1445 | D:3      | Found a glowing silver altar of Zin.
  1446 | D:3      | Found the +7 captain's cutlass {speed, disarm}
  1464 | D:3      | Reached skill level 5 in Axes
  1464 | D:3      | Reached XP level 5. HP: 46/46 MP: 5/5
  1535 | D:3      | Reached * piety under Makhleb
  1569 | D:3      | Reached XP level 6. HP: 45/52 MP: 6/6
  1594 | D:3      | Reached skill level 6 in Axes
  1756 | D:3      | Found a deep blue altar of Sif Muna.
  1834 | D:3      | Noticed xccam's ghost (amateur GnWn)
  2033 | D:4      | Found a staircase to the Ecumenical Temple.
  2041 | D:4      | Reached skill level 5 in Shields
  2343 | D:4      | Found a basalt altar of Yredelemnul.
  2343 | D:4      | Found an opulent altar of Gozag.
  2343 | D:4      | Found a hide-covered altar of Uskayaw.
  2517 | D:4      | Reached skill level 7 in Axes
  2622 | D:4      | Found Lufiykk's Assorted Antiques.
  2694 | D:5      | Entered Level 5 of the Dungeon
  2707 | D:5      | Reached XP level 7. HP: 59/59 MP: 7/7
  2708 | D:5      | Found a white marble altar of Elyvilon.
  2821 | D:4      | Reached skill level 8 in Axes
  2974 | D:5      | Reached ** piety under Makhleb
  3068 | D:5      | Found Tepuoh's Food Shoppe.
  3189 | Temple   | Entered the Ecumenical Temple
  3454 | D:6      | Reached XP level 8. HP: 66/66 MP: 8/8
  3500 | D:6      | Reached skill level 9 in Axes
  3528 | D:6      | Fell from the grace of Makhleb
  3528 | D:6      | Became a worshipper of Beogh the Brigand
  3652 | D:6      | Reached skill level 1 in Invocations
  3778 | D:6      | HP: 1/66 [acid (15)]
  3996 | D:6      | Noticed a ynoxinul
  3996 | D:6      | Noticed an orange demon
  4003 | D:6      | Killed a ynoxinul
  4007 | D:6      | Killed an orange demon
  4298 | D:6      | Found a snail-covered altar of Cheibriados.
  4306 | D:6      | Reached skill level 10 in Axes
  4491 | D:7      | Found a bloodstained altar of Trog.
  4532 | D:7      | Noticed a smoke demon
  4544 | D:7      | Killed a smoke demon
  4727 | D:7      | Noticed Prince Ribbit
  4729 | D:7      | Found a sparkling altar of Nemelex Xobeh.
  4744 | D:7      | Killed Prince Ribbit
  4744 | D:7      | Reached XP level 9. HP: 69/71 MP: 8/10
  4756 | D:7      | Reached skill level 11 in Axes
  4973 | D:7      | Noticed a blizzard demon
  4978 | D:7      | Killed from afar by a blizzard demon

Skill      XL: |  1  2  3  4  5  6  7  8  9 |
---------------+----------------------------+-----
Fighting       | 4 |  4.2
Axes           | 3 5 7 8 10 11 | 11.2
Shields        | 4 5 6 8 |  8.5
Invocations    | 1 |  1.4
Armour         | |  3.7
Dodging        | |  0.1

Action                   |  1- 3 |  4- 6 |  7- 9 || total
-------------------------+-------+-------+-------++-------
Melee: War axe           |   116 |       |       ||   116
       Hand axe          |    23 |   142 |   182 ||   347
Invok: Minor Destruction |       |       |     1 ||     1
       Convert to Beogh  |       |       |     1 ||     1
Evoke: Wand              |       |       |     1 ||     1
  Use: Scroll            |     4 |     1 |     2 ||     7
  Eat: Ration            |     1 |     2 |     2 ||     5
       Chunk             |       |     2 |       ||     2
Armor: Scale mail        |    48 |    67 |    53 ||   168
Dodge: Dodged            |    61 |    38 |    38 ||   137
Block: Shield            |    91 |    90 |   105 ||   286
